Map: 젠 - 래더

Players

DPGPartinG (PartinG) - Winner!

  • Race: Protoss Protoss
  • League: Grandmaster
  • Spawn Location: 7:00

Impact

  • Race: Zerg Zerg
  • League: Grandmaster
  • Spawn Location: 1:00

VOD

Have the link to the VOD?

Description

Time

  • Played on: Jan. 16, 2020, 5:54 a.m.
  • Length: 5:57
Show
View Real Time Build Order
Export as new Build Order

DPGPartinG Protoss - Winner!

Build Orders:  

Get SALT Encoding   

  12  0:00  Probe  
  13  0:12  Probe  
  14  0:17  Pylon  
  14  0:25  Probe (Chrono Boost)  
  15  0:37  Probe (Chrono Boost), Gateway  
  16  0:45  Probe (Chrono Boost)  
  16  0:46  Assimilator  
  17  0:51  Probe  
  18  0:59  Forge  
  18  1:03  Probe  
  19  1:13  Pylon  
  19  1:18  Probe  
  20  1:25  Cybernetics Core  
  20  1:33  Photon Cannon  
  20  1:41  Assimilator  
  20  1:44  Probe  
  21  1:49  Pylon  
  21  1:58  Pylon  
  21  2:09  Photon Cannon  
  21  2:13  Robotics Facility  
  21  2:22  Shield Battery  
  21  2:24  Pylon  
  21  2:35  Photon Cannon  
  21  2:39  Photon Cannon  
  21  2:47  Shield Battery  
  21  3:00  Immortal (Chrono Boost)  
  25  3:14  Photon Cannon  
  25  3:31  Warp Prism (Chrono Boost)  
  25  3:32  Warp Gate  
  27  3:39  Shield Battery  
  27  3:49  Pylon  
  27  4:03  Immortal (Chrono Boost)  
  31  4:17  Shield Battery  
  31  4:19  Shield Battery  
  31  4:28  Shield Battery  
  31  4:35  Sentry  
  33  4:44  Pylon  
  33  4:53  Immortal  
  37  5:22  Stalker  
  37  5:24  Forge  
Show
View Real Time Build Order
Export as new Build Order

Impact Zerg 

Build Orders: Hatch First, Zergling Baneling 

Get SALT Encoding   

  12  0:00  Drone  
  13  0:11  Drone  
  14  0:17  Overlord  
  14  0:22  Extractor  
  14  0:23  Drone  
  15  0:36  Drone  
  15  0:37  Drone  
  17  0:54  Hatchery  
  16  0:58  Drone  
  17  1:20  Spawning Pool  
  17  1:22  Drone  
  17  1:23  Drone  
  17  1:25  Drone  
  19  1:40  Drone  
  19  1:41  Extractor  
  19  1:45  Drone  
  20  1:55  Drone  
  21  2:06  Drone  
  21  2:07  Drone  
  20  2:17  Queen  
  22  2:24  Queen  
  24  2:31  Drone  
  24  2:35  Drone x2  
  27  2:41  Overlord  
  27  2:44  Drone  
  27  2:49  Metabolic Boost  
  28  2:59  Queen  
  30  3:08  Extractor, Drone x2  
  31  3:15  Drone x2  
  31  3:16  Drone x2  
  31  3:18  Drone  
  36  3:23  Overlord  
  36  3:40  Queen x2  
  40  3:43  Zergling x6  
  40  3:45  Zergling x2  
  44  3:50  Overlord  
  44  3:54  Baneling Nest  
  43  4:00  Zergling x2  
  44  4:07  Zergling x2  
  44  4:15  Zergling x6  
  44  4:16  Zergling x2  
  48  4:19  Queen  
  48  4:22  Queen  
  52  4:26  Overlord  
  52  4:30  Overlord  
  51  4:37  Baneling  
  51  4:38  Baneling x6  
  51  4:39  Baneling  
  51  4:40  Baneling  
  51  4:43  Zergling x2  
  52  4:46  Baneling  
  52  4:50  Zergling x4  
  54  4:57  Queen  
  55  5:05  Drone  
  45  5:16  Zergling x10  
  44  5:27  Zergling x2  
  43  5:29  Zergling x2  
  47  5:36  Zergling x2  
  47  5:39  Baneling  
Tags
 
Add a new tag
Caveats
  • Supply blocks, unpowered buildings, or Contaminate may cause inaccurate times.
  • Supply counts are checked every 10 seconds.